 Dungeon Crawl Stone Soup version 0.21.1-1-g345015fe64 (console) character file.

137 Kloppie the Skirmisher (level 5, 0/47 HPs)
             Began as a Hill Orc Fighter on Apr 14, 2018.
             Slain by DwarfAlpaca's ghost (16 damage)
             ... on level 3 of the Dungeon.
             The game lasted 00:02:52 (1786 turns).

Kloppie the Skirmisher (Hill Orc Fighter)           Turns: 1786, Time: 00:02:53

Health: 0/47       AC: 10    Str: 28    XL:     5   Next: 20%
Magic:  5/5        EV:  6    Int:  8    God:
Gold:   89         SH:  0    Dex: 10    Spells: 4/4 levels left

rFire    . . .     SeeInvis .   a - +0 war axe
rCold    . . .     Gourm    .   c - +0 shield
rNeg     . . .     Faith    .   t - +0 chain mail
rPois    .         Spirit   .   j - +0 helmet
rElec    .         Reflect  .   (no cloak)
rCorr    .         Harm     .   (no gloves)
MR       .....                  (no boots)
Stlth    ..........             (no amulet)
HPRegen  0.15/turn              m - +3 ring of strength
MPRegen  0.09/turn              n - ring of stealth

@: mighty, sleeping, glowing
A: no striking features
a: no special abilities


You were on level 3 of the Dungeon.
You were not hungry.

You visited 1 branch of the dungeon, and saw 3 of its levels.

You collected 89 gold pieces.

Inventory:

Hand Weapons
 a - a +0 war axe (weapon)
Armour
 c - a +0 shield (worn)
 j - a +0 helmet (worn)
 t - a +0 chain mail (worn)
Jewellery
 m - a +3 ring of strength (left hand)
 n - a ring of stealth (right hand)
Scrolls
 e - a scroll of random uselessness {unknown}
 g - 2 scrolls of noise {unknown}
 i - 4 scrolls of identify {unknown}
 k - 2 scrolls of teleportation {unknown}
 l - a scroll of fear {unknown}
 o - a scroll of blinking {unknown}
 s - a scroll of remove curse {unknown}
Potions
 d - 2 potions of might
 h - a potion of heal wounds {unknown}
 p - a potion of magic {unknown}
 r - a potion of haste {unknown}
Comestibles
 f - 3 rations
 q - 7 chunks of flesh


   Skills:
 + Level 4.9 Fighting
 + Level 4.5 Axes
 - Level 3.2 Armour
 + Level 4.5 Shields


You had 4 spell levels left.
You didn't know any spells.

Dungeon Overview and Level Annotations

Branches:
Dungeon (3/15)

Altars:

Annotations:
D:3 DwarfAlpaca's ghost, amateur FeEn


Message History

DwarfAlpaca's ghost is heavily damaged.
DwarfAlpaca's ghost hits you but does no damage.
You feel very mighty all of a sudden. DwarfAlpaca's ghost hits you.
* * * LOW HITPOINT WARNING * * *
You barely miss DwarfAlpaca's ghost.
DwarfAlpaca's ghost is heavily damaged.
You block DwarfAlpaca's ghost's attack.
You closely miss DwarfAlpaca's ghost.
DwarfAlpaca's ghost is heavily damaged.
You block DwarfAlpaca's ghost's attack. x2
You closely miss DwarfAlpaca's ghost.
DwarfAlpaca's ghost is heavily damaged.
You block DwarfAlpaca's ghost's attack.
You hit DwarfAlpaca's ghost.
DwarfAlpaca's ghost is severely damaged.
DwarfAlpaca's ghost stares at you and mumbles some strange words.
You fall asleep.
DwarfAlpaca's ghost hits you!
You die...

#.#.....#########. #.####### #.
#.# #. ##.# #. #..# #. #.## ####.
#.# #.... ####.### #.##. #[...@.#
#.##. #.##.#W#### #.##.
#.#........ #.### #.#.....##
#.### #.#.....# #....
#########....)..# ###########
#.......#.......## #.......#
#.#####.#.##.##..###.#####.###
####.#####.#.##....#.##.##.).....


You could see DwarfAlpaca's ghost.

Vanquished Creatures
  5 adders
  A worm (D:3)
  4 dart slugs
  2 leopard geckos
  4 orcs (D:3)
  11 bats
  3 giant cockroaches
  8 goblins
  10 hobgoblins
  3 jackals (D:2)
  7 kobolds
  3 quokkas (D:2)
  2 frilled lizards (D:2)
  9 rats
72 creatures vanquished.

Notes
Turn   | Place    | Note
-------+----------+-------------------------------------------
     0 | D:1      | Kloppie the Hill Orc Fighter began the quest for the Orb.
     0 | D:1      | Reached XP level 1. HP: 19/19 MP: 1/1
    80 | D:1      | Reached XP level 2. HP: 27/27 MP: 2/2
   323 | D:1      | Reached XP level 3. HP: 30/33 MP: 3/3
   894 | D:2      | Reached XP level 4. HP: 32/41 MP: 4/4
  1583 | D:3      | Reached XP level 5. HP: 38/47 MP: 5/5
  1755 | D:3      | Noticed DwarfAlpaca's ghost (amateur FeEn)
  1786 | D:3      | Slain by DwarfAlpaca's ghost

Skill      XL: |  1  2  3  4 |
---------------+-------------+-----
Axes           | 3 4 |  4.5
Fighting       | 4 |  4.9
Shields        | 4 |  4.5
Armour         | |  3.2

Action                   |  1- 3 |  4- 6 || total
-------------------------+-------+-------++-------
Melee: War axe           |   109 |   123 ||   232
  Use: Potion            |       |     1 ||     1
  Eat: Chunk             |       |     3 ||     3
Armor: Scale mail        |    62 |    59 ||   121
       Chain mail        |       |    11 ||    11
Dodge: Dodged            |    46 |    44 ||    90
Block: Shield            |    73 |    62 ||   135
